 Dungeon Crawl Stone Soup version 0.30-a0-263-ge22c4ad894 (webtiles) character file.

Game seed: 8590932001478470244

80 mopl the Sneak (level 4, -3/29 HPs)
             Began as an Octopode Brigand on Oct 13, 2022.
             Slain by Grinder (9 damage)
             ... on level 3 of the Dungeon.
             The game lasted 00:02:06 (1662 turns).

mopl the Sneak (Octopode Brigand)                   Turns: 1662, Time: 00:02:07

Health: -3/29      AC:  1    Str: 16    XL:     4   Next: 39%
Magic:  4/4        EV: 12    Int: 15    God:
Gold:   223        SH:  0    Dex: 13    Spells: 3/3 levels left

rFire   . . .      SeeInvis .    a - +2 dagger
rCold   . . .      Faith    .    (no shield)
rNeg    . . .      Spirit   .    (helmet restricted)
rPois   .          Reflect  .    (no amulet)
rElec   .          Harm     .    l - +6 ring of strength
rCorr   .          Rampage  .    (no ring)
Will    .....                    (no ring)
Stlth   ++........               (no ring)
HPRegen 0.24/turn                (no ring)
MPRegen 0.09/turn                (no ring)
                                 (no ring)
                                 (no ring)

@: confused, ambrosia-drunk, hasted, very quick
A: almost no armour, amphibious, 8 rings, camouflage 1, gelatinous body 1,
(nimble swimmer 1), tentacles
a: no special abilities


You were on level 3 of the Dungeon.
You visited 1 branch of the dungeon, and saw 3 of its levels.

You collected 223 gold pieces.

Inventory:

Hand Weapons
 a - a +2 dagger (weapon)
Missiles
 b - 13 poisoned darts (quivered)
 c - 3 curare-tipped darts
Jewellery
 l - a +6 ring of strength (left tentacle)
Scrolls
 h - 2 scrolls of teleportation {unknown}
 i - a scroll of poison {unknown}
 m - a scroll of noise {unknown}
Potions
 d - 3 potions of haste
 e - a potion of degeneration {unknown}
 f - a potion of cancellation {unknown}
 g - a potion of mutation {unknown}
 j - a potion of attraction {unknown}
 k - a potion of ambrosia
 n - a potion of brilliance {unknown}
 o - a potion of curing {unknown}
 p - a potion of magic {unknown}
 q - a potion of flight {unknown}


   Skills:
 - Level 2.0 Fighting
 - Level 2.0 Short Blades
 + Level 3.4 Throwing
 - Level 1.0 Dodging
 + Level 6.7 Stealth


You had 3 spell levels left.
You didn't know any spells.
Your spell library contained the following spells:

 Spells                   Type           Power      Damage    Failure   Level
 Sting                    Tmut/Pois      0%         1d3       26%         1
 Poisonous Vapours        Pois/Air       0%         N/A       38%         2
 Gell's Gravitas          Tloc           0%         N/A       63%         3
 Lesser Beckoning         Tloc           0%         N/A       63%         3
 Teleport Other           Tloc           0%         N/A       63%         3
 Olgreb's Toxic Radiance  Pois           0%         N/A       95%         4


Dungeon Overview and Level Annotations

Branches:
Dungeon (3/15)

Altars:

Shops:
D:1 =

Annotations:
D:3 Grinder


Innate Abilities, Weirdness & Mutations

You cannot wear most types of armour.
You are amphibious.
You can wear up to eight rings at the same time.
Your skin changes colour to match your surroundings (Stealth+).
Your rubbery body absorbs attacks. (AC +1, EV +1)
((You are camouflaged when in or above water. (Stealth+)))
You have tentacles for arms and can constrict up to eight enemies at once.


Message History

The giant cockroach bites you.
You hit the giant cockroach.
The giant cockroach is severely wounded.
You constrict the giant cockroach.
You kill the giant cockroach!
No target in view!
You see here a giant cockroach corpse.
You pick up a book of Displacement and begin reading...
You add the spells Lesser Beckoning, Gell's Gravitas and Teleport Other to your library.
You see here a giant cockroach corpse.
Grinder comes into view.
Grinder shouts!
Grinder says, "Tell me all your secrets, or I'll kill you."
You hit Grinder. Your grab misses Grinder.
Grinder is lightly wounded.
Grinder closely misses you.
You closely miss Grinder. Your grab misses Grinder.
Grinder is lightly wounded.
Grinder says, "Are you a fish?" Grinder hits you but does no damage.
You barely miss Grinder. Your grab misses Grinder.
Grinder is lightly wounded.
Grinder gestures at you. Pain shoots through your body!
You hit Grinder but do no damage. Your grab misses Grinder.
Grinder gestures at you. Pain shoots through your body!
You closely miss Grinder. You grab Grinder. You constrict Grinder.
Grinder gestures at you. Pain shoots through your body!
You are too injured to fight recklessly!
You are too injured to fight recklessly!
You aren't carrying any items that you can evoke.
It was a potion of haste.
You feel yourself speed up.
You constrict Grinder. Grinder hits you!
* * * LOW HITPOINT WARNING * * *
It was a potion of ambrosia.
You are confused.
You feel invigorated.
You constrict Grinder. Grinder hits you!
You die...

#.###################
#..5@................
################<....
################
#.........#
#.#######.#
#.......#.#
#..####.#.#
#.....#.#.#
#...#.#.#.#


You could see Grinder.

Vanquished Creatures
  Jessica (D:3)
  An adder (D:2)
  2 worms (D:2)
  2 dart slugs (D:2)
  2 endoplasms
  2 giant cockroaches
  5 hobgoblins
  A jackal (D:1)
  A quokka (D:3)
  8 ball pythons
  2 bats
  3 frilled lizards
  2 goblins
  2 kobolds
  3 rats
37 creatures vanquished.

Notes
Turn   | Place    | Note
-------+----------+-------------------------------------------
     0 | D:1      | mopl the Octopode Brigand began the quest for the Orb.
     0 | D:1      | Reached XP level 1. HP: 14/14 MP: 1/1
   265 | D:1      | Found Vemuph's Jewellery Emporium.
   280 | D:1      | Reached XP level 2. HP: 16/19 MP: 2/2
   358 | D:1      | Found a faded altar of an unknown god.
   788 | D:2      | Reached skill level 6 in Stealth
   794 | D:2      | Reached XP level 3. HP: 19/24 MP: 3/3
   968 | D:2      | Reached skill level 3 in Throwing
  1407 | D:3      | Noticed Jessica
  1413 | D:3      | Killed Jessica
  1414 | D:3      | Reached XP level 4. HP: 29/29 MP: 4/4
  1650 | D:3      | Noticed Grinder
  1662 | D:3      | Slain by Grinder

Illustrated notes

Levels and vault maps discovered:
D:1:      ebering_trefoil_twist, layout_basic, serial_shops, shop_fountains,
          hellmonk_ecumenical_altar_zigzags, dreamdust_wishing_well,
          minmay_pentomino_p2
D:2:      layout_rooms, st_stairs_8, minmay_3d_cube
D:3:      layout_basic, led_sif_pool, nicolae_gozag_seed_capital, uniq_grinder,
          uniq_jessica

Skill      XL: |  1  2  3 |
---------------+----------+-----
Stealth        | 6 |  6.7
Throwing       | 3 |  3.4
Fighting       | |  2.0
Short Blades   | |  2.0
Dodging        | |  1.0

Action                   |  1- 3 |  4- 6 || total
-------------------------+-------+-------++-------
Melee: Dagger            |    56 |    11 ||    67
       Tentacles         |     7 |       ||     7
       Constrict         |    12 |     2 ||    14
  Use: Potion            |       |     2 ||     2
 Stab: Sleeping          |    16 |     1 ||    17
       Distracted        |     1 |       ||     1
Armor: Skin              |     2 |     1 ||     3
Dodge: Dodged            |    17 |     4 ||    21

Table legend: (Time is in decaauts)
 A = Elapsed time spent in this place.
 B = Non-inter-level travel time spent in this place.
 C = Inter-level travel time spent in this place.
 D = Time resting spent in this place.
 E = Time spent auto-exploring this place.
 F = Levels seen in this place.
 G = Mean time per level.
                   A        B        C        D        E       F      G
               +--------+--------+--------+--------+--------+-----+--------+
         Total |   1654 |   1614 |     40 |     49 |   1312 |   3 |  551.3 |
       Dungeon |   1654 |   1614 |     40 |     49 |   1312 |   3 |  551.3 |
               +--------+--------+--------+--------+--------+-----+--------+

Top non-repeatable levels by time:
     D:1: 777 daAuts
     D:2: 509 daAuts
     D:3: 368 daAuts
